Map: [ESL] Ancient Cistern

Players

Elazer - Winner!

  • Race: Zerg Zerg
  • Spawn Location: 7:00

Kelazhur

  • Race: Terran Terran
  • Spawn Location: 1:00

Event: ESL SC2 Masters 2023 Summer (Finals)

VOD

Have the link to the VOD?

Description

Time

  • Played on: June 17, 2023, 7:38 a.m.
  • Length: 13:16

All games in this series

Show
View Real Time Build Order
Export as new Build Order

Elazer Zerg - Winner!

Build Orders: Hatch First 

Get SALT Encoding   

  12  0:00  Drone  
  13  0:12  Overlord  
  13  0:16  Drone  
  14  0:30  Drone x2  
  16  0:47  Hatchery  
  15  0:50  Drone  
  15  0:54  Drone  
  18  0:57  Drone  
  18  1:07  Extractor  
  17  1:12  Spawning Pool  
  17  1:15  Drone  
  17  1:18  Drone  
  18  1:28  Drone  
  19  1:38  Drone  
  20  1:49  Drone  
  21  1:58  Queen x2  
  21  2:00  Zergling x4  
  27  2:12  Metabolic Boost  
  27  2:14  Overlord, Zergling x2  
  28  2:31  Spore Crawler  
  28  2:33  Zergling x2  
  28  2:34  Zergling x2  
  28  2:36  Queen  
  31  2:41  Drone x3  
  35  2:55  Hatchery  
  34  3:04  Zergling x4  
  36  3:11  Overlord  
  36  3:17  Overlord  
  36  3:32  Drone x4  
  40  3:37  Drone x2  
  42  3:45  Drone x3  
  45  3:49  Drone  
  46  3:58  Drone x2  
  46  4:01  Drone x3  
  51  4:09  Overlord  
  51  4:11  Queen x3  
  51  4:13  Drone  
  58  4:17  Overlord  
  58  4:27  Overlord  
  58  4:30  Drone x8  
  66  4:43  Overlord  
  66  4:44  Drone x3  
  69  4:47  Drone x3  
  69  4:51  Queen  
  69  4:52  Queen  
  76  4:58  Queen  
  77  5:00  Overlord  
  77  5:04  Drone x2  
  81  5:07  Drone x2  
  81  5:09  Drone x2  
  81  5:10  Hatchery  
  81  5:14  Zergling x8  
  81  5:19  Zergling x2  
  81  5:20  Zergling x6  
  88  5:25  Extractor  
  88  5:26  Extractor, Zergling x12  
  88  5:27  Extractor  
  91  5:41  Lair  
  91  5:44  Overlord  
  91  5:45  Drone x6  
  97  5:55  Drone  
  97  5:57  Overlord, Hatchery  
  98  5:58  Baneling Nest  
  98  6:01  Drone x2  
  98  6:03  Drone x5  
  104  6:04  Drone  
  103  6:13  Overlord  
  103  6:16  Drone x4  
  107  6:26  Evolution Chamber  
  107  6:28  Zergling x12  
  107  6:29  Evolution Chamber  
  111  6:36  Zergling x14  
  117  6:42  Centrifugal Hooks, Overlord  
  117  6:43  Overlord  
  112  6:51  Zergling x16  
  109  7:01  Zergling x8  
  98  7:17  Zerg Ground Armor Level 1, Zerg Melee Weapons Level 1  
  98  7:19  Drone x2  
  98  7:20  Extractor, Drone x3, Zergling x2, Hydralisk Den  
  98  7:21  Zergling x24  
  114  7:24  Overseer  
  114  7:25  Baneling x7  
  114  7:32  Drone x5  
  119  7:41  Drone  
  119  7:42  Overlord  
  120  7:44  Hatchery  
  120  7:45  Drone x3  
  120  7:49  Zergling x24  
  134  7:57  Muscular Augments  
  134  7:59  Overlord x3  
  134  8:00  Hydralisk x2  
  138  8:09  Spore Crawler  
  138  8:10  Hydralisk x5  
  138  8:12  Spore Crawler  
  139  8:18  Hydralisk x7  
  146  8:25  Drone, Spore Crawler  
  145  8:29  Drone x10  
  145  8:31  Drone  
  156  8:43  Hydralisk x6  
  168  8:49  Zergling x10  
  168  8:54  Zergling x2  
  173  8:56  Overlord x2  
  173  8:57  Overlord  
  173  9:07  Pneumatized Carapace, Overseer  
  173  9:08  Overlord, Grooved Spines  
  173  9:09  Overlord  
  173  9:14  Extractor x2  
  173  9:15  Drone x5, Spore Crawler  
  173  9:16  Drone  
  176  9:17  Drone x2  
  176  9:18  Drone  
  176  9:20  Zerg Missile Weapons Level 1, Zerg Ground Armor Level 2  
  179  9:26  Baneling x7  
  179  9:27  Zergling x20  
  179  9:28  Baneling x2  
  189  9:32  Spore Crawler  
  188  9:46  Zergling x2  
  188  9:47  Zergling x22  
  188  9:50  Spine Crawler  
  188  9:51  Spine Crawler  
  188  9:52  Baneling x11, Spine Crawler  
  197  9:54  Overseer  
  197  9:59  Hatchery  
  194  10:05  Zergling x22  
  194  10:06  Zergling x6  
  190  10:14  Baneling x13  
  190  10:15  Baneling x5, Zergling x12  
  190  10:19  Zergling x6  
  199  10:26  Zergling x10  
  190  10:30  Infestation Pit  
  184  10:39  Zergling x32  
  192  10:50  Zergling x12  
  193  10:59  Zergling x18  
  193  11:01  Burrow  
  189  11:04  Zergling x2  
  189  11:05  Zergling x4  
  182  11:20  Hydralisk x6, Hatchery  
  182  11:21  Hive  
  182  11:25  Zergling x8  
  185  11:40  Zergling x22  
  185  11:42  Hatchery, Baneling x7  
  185  11:43  Hydralisk x2  
  187  11:54  Hydralisk x5  
  196  12:02  Overlord  
  190  12:09  Baneling x10  
  189  12:23  Zergling x2  
  189  12:24  Zergling x18  
  197  12:51  Zergling x30  
  186  12:53  Baneling x17  
Show
View Real Time Build Order
Export as new Build Order

Kelazhur Terran 

Build Orders:  

Get SALT Encoding   

  12  0:00  SCV  
  13  0:12  SCV  
  14  0:17  Supply Depot  
  14  0:24  SCV  
  15  0:39  SCV  
  15  0:40  Barracks  
  16  0:46  Refinery  
  16  0:51  SCV  
  17  1:01  Barracks  
  17  1:04  SCV  
  18  1:16  SCV  
  19  1:29  Orbital Command  
  19  1:30  Reaper  
  20  1:37  Supply Depot  
  20  1:48  Reaper  
  21  1:55  SCV  
  22  2:06  Reaper  
  22  2:07  SCV  
  24  2:14  Command Center  
  24  2:19  SCV  
  25  2:24  Reaper  
  26  2:34  SCV  
  26  2:36  Refinery  
  27  2:37  Supply Depot  
  27  2:46  SCV, Barracks Reactor  
  28  3:00  SCV  
  29  3:12  SCV  
  30  3:23  Factory  
  30  3:24  Marine x2, SCV  
  30  3:26  Orbital Command  
  33  3:37  SCV, Command Center  
  34  3:41  Marine  
  34  3:42  Marine  
  34  3:43  Supply Depot  
  36  3:49  SCV  
  36  3:52  SCV  
  38  4:01  SCV  
  39  4:04  SCV  
  40  4:10  Starport  
  40  4:13  SCV  
  40  4:16  Hellion x2, SCV  
  46  4:20  Barracks Tech Lab  
  46  4:25  SCV  
  46  4:28  SCV  
  48  4:37  Hellion x2, SCV  
  53  4:38  Marine  
  53  4:39  Stimpack  
  53  4:40  Barracks Reactor  
  53  4:41  SCV  
  53  4:44  Barracks  
  55  4:46  Starport Reactor  
  55  4:49  SCV  
  55  4:50  Orbital Command, Supply Depot  
  56  4:54  SCV  
  56  4:56  Marine  
  58  5:00  Hellion x2  
  58  5:02  SCV  
  58  5:06  SCV  
  64  5:13  Engineering Bay x2  
  64  5:14  SCV  
  65  5:16  Marine x3  
  68  5:23  Refinery  
  68  5:24  Refinery  
  68  5:25  SCV  
  69  5:33  SCV  
  69  5:34  Marine x3, Factory Reactor  
  73  5:39  Medivac x2  
  73  5:41  SCV  
  78  5:44  Orbital Command  
  78  5:46  SCV  
  78  5:47  Terran Infantry Weapons Level 1, Terran Infantry Armor Level 1  
  77  5:51  Marine x2  
  77  5:52  Marine x2  
  77  5:53  SCV  
  77  5:55  Supply Depot  
  82  5:58  Marine, SCV  
  84  6:06  SCV  
  84  6:10  Supply Depot  
  85  6:17  Marine x5, SCV x2  
  85  6:18  SCV  
  93  6:20  Supply Depot  
  93  6:32  Barracks, SCV x2, Medivac x2  
  97  6:33  Barracks  
  97  6:34  Supply Depot  
  97  6:35  Marine  
  97  6:37  SCV  
  101  6:41  Combat Shield  
  101  6:42  Marine x2  
  103  6:49  SCV  
  95  7:05  Marine x2  
  95  7:07  SCV  
  88  7:11  Widow Mine x2  
  88  7:14  Marine x3  
  90  7:16  Liberator x2  
  90  7:17  SCV x2  
  90  7:19  SCV  
  90  7:20  Barracks Reactor x2  
  95  7:26  Armory  
  95  7:29  Marine x2, SCV  
  98  7:32  Command Center  
  98  7:33  SCV  
  99  7:37  Marine x3  
  99  7:38  SCV  
  99  7:41  Widow Mine x2, SCV  
  108  7:46  Marine, Supply Depot x2  
  108  7:47  Marine  
  108  7:50  SCV x2  
  112  7:55  SCV, Marine  
  112  7:57  Marine  
  115  8:02  SCV  
  116  8:08  Widow Mine x2  
  116  8:09  Marine  
  116  8:10  Marine x6  
  125  8:13  Marine  
  125  8:14  Terran Infantry Weapons Level 2, Terran Infantry Armor Level 2  
  125  8:15  Marine  
  123  8:26  Refinery, Factory  
  123  8:27  Marine x6, Supply Depot  
  123  8:28  Marine  
  123  8:29  Supply Depot  
  123  8:31  Sensor Tower  
  130  8:35  Marine  
  131  8:42  Widow Mine  
  131  8:43  Widow Mine, Medivac x2  
  131  8:47  SCV x3, Supply Depot  
  142  8:57  Marine  
  142  8:58  Marauder  
  142  8:59  Marine x2  
  142  9:01  Supply Depot  
  141  9:03  Widow Mine  
  141  9:08  SCV, Marine x4  
  144  9:13  Medivac x2  
  144  9:16  Widow Mine, Marine x3  
  144  9:17  Marine, SCV  
  153  9:19  Marine  
  153  9:23  Factory Tech Lab, Planetary Fortress  
  153  9:24  SCV x2  
  158  9:26  Marine x3  
  158  9:29  Widow Mine, SCV  
  158  9:30  Marine  
  165  9:36  SCV x2  
  165  9:37  Widow Mine, Marauder  
  171  9:39  Marine x3  
  171  9:48  Medivac x2  
  171  9:50  Widow Mine x2  
  177  9:58  Marauder  
  177  10:01  Command Center  
  177  10:02  Command Center  
  177  10:04  Marine  
  177  10:05  Marine x4  
  180  10:15  Supply Depot  
  180  10:16  Supply Depot  
  180  10:26  Widow Mine  
  180  10:27  Widow Mine  
  180  10:32  Marine  
  180  10:33  Marine x2  
  180  10:34  Marine x2  
  180  10:35  Marine  
  180  10:36  Widow Mine, Medivac x2  
  180  10:38  Marine x3  
  179  10:43  SCV x2  
  179  10:44  Orbital Command  
  179  10:45  Barracks x2  
  179  10:46  Barracks x2  
  179  10:47  Widow Mine  
  179  10:48  Widow Mine  
  170  10:50  Marine  
  170  10:51  Marine x2  
  170  10:54  Marine  
  151  10:58  Widow Mine  
  151  10:59  SCV  
  151  11:00  SCV  
  153  11:05  SCV  
  147  11:11  Widow Mine  
  147  11:12  SCV  
  147  11:13  Widow Mine, Medivac x2  
  147  11:14  SCV x2  
  147  11:17  SCV  
  156  11:19  Widow Mine  
  156  11:24  SCV  
  159  11:26  SCV x2  
  159  11:29  SCV  
  163  11:32  Widow Mine  
  163  11:36  SCV, Marauder  
  163  11:37  Widow Mine  
  163  11:38  SCV  
  163  11:42  Supply Depot  
  163  11:44  SCV, Supply Depot  
  163  11:47  Supply Depot  
  164  11:53  SCV  
  152  11:57  Marine  
  152  11:58  Marine x8  
  161  12:02  Medivac  
  161  12:03  Medivac  
  165  12:10  SCV  
  165  12:11  SCV x2  
  165  12:15  Marine x2  
  158  12:16  Marine x3  
  158  12:17  Widow Mine  
  155  12:23  Widow Mine  
  155  12:24  Widow Mine  
  157  12:31  Command Center  
  157  12:32  Medivac  
  157  12:33  Medivac  
  161  12:38  Widow Mine  
  161  12:48  Marine x3  
  138  12:54  Widow Mine x2, Marine  
Tags
 
Add a new tag
Caveats
  • Supply blocks, unpowered buildings, or Contaminate may cause inaccurate times.
  • Supply counts are checked every 10 seconds.